 Dungeon Crawl Stone Soup version 0.31-a0-977-gc230f8ef24 (webtiles) character file.

Game seed: 5746725585671467539

141890 temujin the Eclecticist (level 16, -1/93 HPs)
             Began as a Deep Elf Conjurer on Oct 29, 2023.
             Was a High Priest of Sif Muna.
             Slain by a snapping turtle simulacrum (14 damage)
             ... on level 3 of the Shoals.
             The game lasted 03:22:47 (39725 turns).

temujin the Eclecticist (Deep Elf Conjurer)        Turns: 39725, Time: 03:22:47

Health: -1/93      AC:  9    Str:  7    XL:     16   Next: 79%
Magic:  11/44      EV: 13    Int: 32    God:    Sif Muna [*****.]
Gold:   2300       SH: 18    Dex: 13    Spells: 5/49 levels left

rFire   + + .        x - staff of conjuration
rCold   + + .        d - +2 shield of Resistance {rF++ rC++ Will++}
rNeg    . . .        k - +0 steam dragon scales
rPois   .            W - +1 helmet
rElec   +            G - +0 cloak {Will+}
rCorr   .            A - +0 pair of gloves {Str+3}
SInv    .            (no boots)
Will    ++++.        C - amulet of reflection
Stlth   ++           y - ring of magical power
HPRegen 0.35/turn    s - ring of flight
MPRegen 0.29/turn

%: reflection
@: channelling, flying
A: low MP 1, electricity resistance, MP-powered wands
a: Renounce Religion, Channel Magic, Forget Spell, Divine Exegesis


You were on level 3 of the Shoals.
You worshipped Sif Muna.
Sif Muna was extremely pleased with you.
You visited 5 branches of the dungeon, and saw 26 of its levels.
You also visited: Trove, Bailey and Ice Cave.

You collected 3352 gold pieces.
You spent 1052 gold pieces at shops.

Inventory:

Hand Weapons
 z - a +2 quick blade of protection
 U - a +4 quick blade of venom
Missiles
 m - 6 throwing nets
Armour
 d - the +2 shield of Resistance (worn) {rF++ rC++ Will++}
   (You bought it in a shop on level 2 of the Orcish Mines)

   rF++:      It greatly protects you from fire.
   rC++:      It greatly protects you from cold.
   Will++:    It greatly increases your willpower.
 k - +0 steam dragon scales (worn)
 t - an orb of energy
 A - a +0 pair of gloves of strength (worn)
 G - a +0 cloak of willpower (worn)
 W - a +1 helmet (worn)
Magical Staves
 x - a staff of conjuration (weapon)
 E - a staff of poison
Jewellery
 c - a +5 ring of evasion
 s - a ring of flight (right hand)
 v - an amulet of the acrobat
 y - a ring of magical power (left hand)
 C - an amulet of reflection (around neck)
 L - a +6 ring of intelligence
 Q - an amulet of faith
 R - a ring of resist corrosion
 Z - a ring of poison resistance
Wands
 r - a wand of flame (84)
 B - a wand of light (2)
 J - a wand of roots (15)
 N - a wand of polymorph (9)
 P - a wand of digging (15)
 T - a wand of charming (3)
Scrolls
 a - 2 scrolls of vulnerability
 e - 6 scrolls of identify
 l - a scroll of enchant weapon
 o - 6 scrolls of blinking
 q - 2 scrolls of summoning
 u - 4 scrolls of fear
 D - 3 scrolls of revelation
 S - a scroll of fog
Potions
 b - a potion of magic
 f - 2 potions of heal wounds
 h - 4 potions of might
 i - 2 potions of resistance
 j - 7 potions of curing
 n - 8 potions of enlightenment
 w - a potion of mutation
 F - a potion of attraction
 H - a potion of invisibility
 K - 6 potions of haste
 M - 2 potions of ambrosia
 O - 4 potions of brilliance
 X - 2 potions of cancellation
Miscellaneous
 g - a phantom mirror
 p - a phial of floods
 I - a condenser vane
 Y - a lightning rod (4/4)


   Skills:
 - Level 8.0 Fighting
 - Level 8.0 Dodging
 - Level 2.4 Stealth
 - Level 10.0 Shields
 - Level 17.0 Spellcasting
 - Level 16.7 Conjurations
 - Level 6.0 Translocations
 + Level 15.2 Fire Magic
 - Level 4.0 Ice Magic
 - Level 6.0 Air Magic
 - Level 8.0 Invocations


You had 5 spell levels left.
You knew the following spells:

 Your Spells              Type           Power      Damage    Failure   Level
a - Magic Dart            Conj           100%       1d8       0%          1
b - Searing Ray           Conj           100%       2d8       0%          2
c - Orb of Destruction    Conj           58%        9d14      4%          7
d - Fulminant Prism       Conj/Hex       44%        3d19      1%          4
e - Iskenderun's Mystic   Conj/Tloc      99%        2d19      1%          4
g - Blink                 Tloc           100%       N/A       1%          2
h - Poisonous Vapours     Pois/Air       92%        N/A       2%          2
i - Freezing Cloud        Conj/Ice/Air   45%        6-21      4%          5
j - Starburst             Conj/Fire      57%        6d15      1%          6
k - Bombard               Conj/Erth      44%        9d7       28%         6
l - Fireball              Conj/Fire      57%        3d22      1%          5

Your spell library contained the following spells:

 Spells                   Type           Power      Damage    Failure   Level
 Foxfire                  Conj/Fire      100%       2x1d9     0%          1
 Apportation              Tloc           100%       N/A       1%          1
 Shock                    Conj/Air       100%       1d9       1%          1
 Lesser Beckoning         Tloc           100%       N/A       1%          2
 Momentum Strike          Conj/Tloc      100%       3d10      1%          2
 Dazzling Flash           Conj/Hex       100%       N/A       1%          3
 Gell's Gravitas          Tloc           60%        N/A       1%          3
 Ignite Poison            Fire/Tmut/Pois 56%        N/A       1%          3
 Mephitic Cloud           Conj/Pois/Air  85%        N/A       1%          3
 Stone Arrow              Conj/Erth      100%       3d13      1%          3
 Swiftness                Air            60%        N/A       1%          3
 Teleport Other           Tloc           60%        N/A       1%          3
 Volatile Blastmotes      Fire/Tloc      100%       2d18      1%          3
 Brom's Barrelling Bould  Conj/Erth      88%        2d10      1%          4
 Flame Wave               Conj/Fire      100%       2d21      1%          4
 Arcjolt                  Conj/Air       49%        1d59      1%          5
 Iskenderun's Battlesphe  Conj           100%       2d15      1%          5
 Ensorcelled Hibernation  Hex/Ice        80%        N/A       3%          2
 Ozocubu's Armour         Ice            51%        N/A       3%          3
 Airstrike                Air            30%        2d(5-21)  4%          4
 Passage of Golubria      Tloc           60%        N/A       4%          4
 Vhi's Electric Charge    Tloc/Air       100%       N/A       4%          4
 Sting                    Tmut/Pois      100%       1d8       5%          1
 Call Imp                 Summ           54%        N/A       9%          2
 Jinxbite                 Hex            54%        N/A       9%          2
 Dimensional Bullseye     Hex/Tloc       23%        N/A       16%         4
 Call Canine Familiar     Summ           27%        N/A       17%         3
 Sigil of Binding         Hex            27%        N/A       17%         3
 Silence                  Hex/Air        23%        N/A       41%         5
 Summon Forest            Summ/Tloc      23%        N/A       41%         5
 Anguish                  Hex/Necr       13%        N/A       50%         4
 Animate Armour           Summ/Erth      54%        N/A       50%         4
 Cause Fear               Hex            13%        N/A       50%         4
 Leda's Liquefaction      Hex/Erth       13%        N/A       50%         4
 Metabolic Englaciation   Hex/Ice        20%        N/A       56%         5
 Lee's Rapid Deconstruct  Erth           13%        3d9*      83%         5
 Summon Mana Viper        Hex/Summ       27%        N/A       83%         5
 Yara's Violent Unravell  Hex/Tmut       13%        3d7       83%         5
 Conjure Ball Lightning   Conj/Air       49%        3x3d17    9%          6
 Spellforged Servitor     Conj/Summ      44%        N/A       83%         7
 Simulacrum               Ice/Necr       20%        N/A       98%         6
 Summon Cactus Giant      Summ           13%        N/A       100%        6
 Enfeeble                 Hex            13%        N/A       100%        7
 Discord                  Hex            13%        N/A       100%        8
 Disjunction              Tloc           30%        N/A       100%        8
 Lehudib's Crystal Spear  Conj/Erth      44%        10d11     100%        8
 Maxwell's Capacitive Co  Air            30%        ∞         100%        8
 Dragon's Call            Summ           13%        N/A       100%        9
 Fire Storm               Conj/Fire      57%        8d14      100%        9


Dungeon Overview and Level Annotations

Branches:
Dungeon (15/15)            Temple (1/1) D:4            Lair (5/5) D:11
 Shoals (3/4) Lair:2       Spider (0/4) Lair:3        Slime (0/5) Lair:5
    Orc (2/2) D:9             Elf (0/3) Orc:2        Vaults (0/5) D:14
 Depths (0/4) D:15         Bailey (visited)           IceCv (visited)

Altars:
Ashenzari
Cheibriados
Dithmenos
Elyvilon
Fedhas
Gozag
Hepliaklqana
Kikubaaqudgha
Makhleb
Nemelex Xobeh
Okawaru
Qazlal
Ru
Sif Muna
Trog
Uskayaw
Vehumet
Wu Jian
Xom
Yredelemnul
Zin
The Shining One

Shops:
D:1 :   D:6 *   D:7 [   Orc:1 [   Orc:2 [?(*   Shoals:2 :   Shoals:3 [

Annotations:
D:6 1 runed translucent door, Bnni's ghost, novice DsNe
D:8 2 transporters, exclusion: oklob plant, Pixllover's ghost, novice GrEE


Innate Abilities, Weirdness & Mutations

Your magical capacity is low. (-10% MP)
You are resistant to electric shocks. (rElec)
You expend magic power (3 MP) to strengthen your wands.


Message History

The merfolk simulacrum melts!
The merfolk simulacrum vaporises!
Sif Muna accepts your kill.
You hear a sizzling sound!
The bolt of fire hits the sea snake simulacrum!!!!
The sea snake simulacrum melts!
The sea snake simulacrum vaporises!
Sif Muna accepts your kill.
You hear a sizzling sound!
The death yak simulacrum is engulfed in a cloud of scalding steam.
You block the snapping turtle simulacrum's attack.
Unknown command.
Casting: Starburst (dangerous; 1% risk of failure)
Confirm with . or Enter, or press ? or * to list all spells.
Casting: Starburst (dangerous; 1% risk of failure)
Press: ? - help, Dir - look around, f - activate You feel a surge of power!
The bolt of fire hits the death yak simulacrum!!!
The death yak simulacrum melts!
The death yak simulacrum vaporises!
Sif Muna accepts your kill.
You hear a sizzling sound!
The bolt of fire hits the centaur simulacrum!!!
The centaur simulacrum melts!
The centaur simulacrum vaporises!
Sif Muna accepts your kill.
You hear a sizzling sound!
Unknown command.
Casting: Starburst (dangerous; 1% risk of failure)
Confirm with . or Enter, or press ? or * to list all spells.
Casting: Starburst (dangerous; 1% risk of failure)
Press: ? - help, Dir - look around, f - activate You feel a surge of power!
The bolt of fire hits the death yak simulacrum!!!
The death yak simulacrum melts!
The death yak simulacrum vaporises!
Sif Muna accepts your kill.
You hear a sizzling sound!
The snapping turtle simulacrum bites you from afar!
You die...

≈≈≈≈≈≈≈≈≈.(........~≈≈≈≈≈≈≈≈≈≈≈≈≈
≈≈≈≈≈≈≈≈≈~~~..)))~~~≈≈≈≈≈≈≈≈≈≈≈≈≈
≈≈≈≈~~~~≈~~~~)~~~~~~~≈≈≈≈≈≈≈≈≈≈≈≈
≈≈≈~~~~~≈~~~~~~~§~~~~§§≈≈≈≈≈≈≈≈≈≈
~~~~~~~~~~~~~~~~§~~~§§§~≈≈≈≈≈≈≈≈≈
~~~~....~#######~§....~~≈≈≈≈≈≈≈≈≈
~~~......#|~~~§#§§.....~~≈≈≈≈≈≈≈≈
~....)...#:~~ZZ)§.......~≈≈≈≈≈≈≈≈
~........#?~≈ZZ)@.......~~≈≈≈≈≈≈~
~...)....#)~~~~)........~~~~≈≈≈≈≈
~........#)~~~§#........~~~~~≈≈≈≈
~~)~.....#######........~~~~≈≈≈≈≈
~~~~~~~~~~~~~...........~~~≈~≈~~~
~~~).....~P~P...........~~~~....~
.~~~~~~~~~~~............###...###
.~.~~~~~~~~..P.........## ##### #
....~~~~~~~...P.........###### #


You could see a snapping turtle simulacrum, an alligator snapping turtle
simulacrum and 2 cyclops simulacra.

Vanquished Creatures
  A kraken (Shoals:3)
  3 frost giants (Shoals:3)
  An orc warlord (Orc:2)
  Nessos (Lair:4)
  A minotaur (Shoals:1)
  A merfolk javelineer (Shoals:1)
  2 fire dragons
  2 merfolk impalers (Shoals:2)
  A yaktaur captain (D:14)
  Fannar (Lair:3)
  A rakshasa (D:15)
  9 hydras
  2 catoblepae
  3 centaur warriors
  A merfolk avatar (Shoals:3)
  5 two-headed ogres
  3 satyrs
  11 boulder beetles
  An alligator snapping turtle (Shoals:2)
  2 merfolk aquamancers (Shoals:3)
  5 death yaks (Lair:3)
  A deep troll earth mage (D:15)
  4 orc high priests (Orc:2)
  A deep elf knight (D:15)
  Nergalle (Lair:2)
  4 skysharks
  6 skeletal warriors
  A fire crab (Lair:5)
  4 sea snakes (Shoals:3)
  A flayed ghost (D:15)
  A kraken simulacrum (Shoals:3)
  A bog body (IceCv)
  3 deep elf pyromancers
  A lindwurm (Lair:2)
  20 harpies
  4 orc sorcerers (Orc:2)
  10 manticores
  11 ugly things
  A necromancer (IceCv)
  7 cyclopes
  8 orc knights
  A wolf spider (Lair:5)
  An elephant (Shoals:1)
  8 fauns
  8 black mambas
  2 ice statues (IceCv)
  7 merfolk sirens
  Joseph (D:9)
  6 water nymphs
  3 molten gargoyles (Lair:5)
  An unseen horror (D:11)
  3 gargoyles
  7 cane toads
  2 freezing wraiths
  3 rime drakes
  3 kobold demonologists
  2 anaconda simulacra (IceCv)
  An efreet (D:15)
  10 komodo dragons
  5 ice devils (IceCv)
  13 merfolk
  A tengu conjurer (D:15)
  2 yaktaurs (D:14)
  A troll (shapeshifter) (D:14)
  5 meliai
  12 trolls
  6 wind drakes
  4 blink frogs (Lair:2)
  A hornet (D:11)
  2 polar bears
  8 dream sheep
  10 snapping turtles
  A slime creature (D:8)
  3 jumping spiders (Lair:3)
  2 centaur simulacra
  3 dire elephant simulacra (IceCv)
  2 shadows
  13 wyverns
  3 culicivoras (Lair:3)
  5 wraiths
  A spriggan (Lair:2)
  A vampire (D:10)
  A fire elemental (Lair:1)
  8 water elementals
  An alligator snapping turtle simulacrum (Shoals:3)
  28 yaks
  9 basilisks
  A redback (D:15)
  A sea snake simulacrum (Shoals:3)
  3 steam dragons
  3 wargs
  Menkaure (D:6)
  3 death yak simulacra (Shoals:3)
  A swamp worm (shapeshifter) (D:12)
  6 harpy simulacra
  16 vampire mosquitoes
  3 hell hounds (Lair:5)
  2 acid dragons
  2 hydra simulacra (IceCv)
  16 water moccasins
  2 black bears
  48 orc warriors
  3 satyr simulacra (Shoals:3)
  3 ice beasts
  22 ogres
  5 boggarts (D:14)
  3 wolves (Lair:2)
  12 centaurs
  5 kobold brigands
  A phantom (D:5)
  7 bullfrogs
  A gnoll sergeant (D:11)
  A cane toad simulacrum (IceCv)
  2 two-headed ogre simulacra (IceCv)
  A scorpion (D:7)
  2 merfolk simulacra (Shoals:3)
  3 wights (D:10)
  A snapping turtle simulacrum (Shoals:3)
  An elephant simulacrum (IceCv)
  5 killer bees (D:9)
  2 vampire bats (D:3)
  5 lava snakes (Lair:5)
  2 electric eels (Lair:5)
  A howler monkey (D:5)
  5 hounds
  A jelly (D:5)
  32 orc priests
  A gnoll bouda (Orc:1)
  2 cyclops simulacra (Shoals:3)
  4 sleepcaps
  3 iguanas
  25 orc wizards
  A spriggan simulacrum (IceCv)
  A troll simulacrum (IceCv)
  6 hell rats (Lair:1)
  Robin (D:4)
  19 gnolls
  6 adders
  A shadow imp (D:5)
  3 white imps
  2 ufetubi (D:7)
  2 dart slugs (D:5)
  A worm (D:3)
  102 orcs
  4 bats
  4 bat skeletons (D:3)
  2 bat zombies (D:3)
  9 endoplasms
  2 giant cockroaches
  19 goblins
  17 hobgoblins
  2 jackals (D:2)
  5 quokkas
  7 ball pythons
  4 frilled lizards
  31 kobolds
  5 rats
  2 tentacles (Shoals:3)
894 creatures vanquished.

Vanquished Creatures (others)
  A manticore (D:15)
  A kobold brigand (D:12)
  77 fulminant prisms
  9 tentacles (Shoals:3)
88 creatures vanquished.

Grand Total: 982 creatures vanquished

Notes
Turn   | Place    | Note
-------+----------+-------------------------------------------
     0 | D:1      | temujin the Deep Elf Conjurer began the quest for the Orb.
     0 | D:1      | Reached XP level 1. HP: 10/10 MP: 6/6
    82 | D:1      | Found Vumy's Book Boutique.
   191 | D:1      | Reached skill level 4 in Spellcasting
   191 | D:1      | Reached XP level 2. HP: 15/15 MP: 5/9
   197 | D:1      | Learned a level 2 spell: Searing Ray
   648 | D:1      | Reached skill level 5 in Spellcasting
   648 | D:1      | Reached XP level 3. HP: 19/19 MP: 5/11
   657 | D:1      | Learned a level 3 spell: Volatile Blastmotes
  1495 | D:2      | Found a faded altar of an unknown god.
  1853 | D:2      | Found a shimmering altar of Xom.
  1883 | D:2      | Reached skill level 1 in Translocations
  1951 | D:2      | You fall into a shaft and drop 1 floor!
  2202 | D:2      | Reached XP level 4. HP: 24/24 MP: 10/13
  2228 | D:2      | Learned a level 4 spell: Fulminant Prism
  2233 | D:2      | Learned a level 4 spell: Iskenderun's Mystic Blast
  2691 | D:3      | Reached skill level 6 in Spellcasting
  2910 | D:3      | Found an ancient bone altar of Kikubaaqudgha.
  2952 | D:3      | Reached XP level 5. HP: 26/28 MP: 7/15
  3394 | D:4      | Noticed an ogre
  3559 | D:4      | Killed an ogre
  3560 | D:4      | Reached XP level 6. HP: 32/32 MP: 4/17
  3588 | D:4      | Learned a level 3 spell: Mephitic Cloud
  3661 | D:4      | Reached skill level 5 in Conjurations
  3781 | D:4      | Reached skill level 7 in Spellcasting
  3907 | D:4      | Reached XP level 7. HP: 36/36 MP: 7/20
  4248 | D:4      | Learned a level 2 spell: Blink
  4375 | D:4      | Found a staircase to the Ecumenical Temple.
  4384 | Temple   | Entered the Ecumenical Temple
  4465 | Temple   | Became a worshipper of Sif Muna the Loreminder
  4870 | D:4      | Noticed Robin
  4879 | D:4      | Killed Robin
  4883 | D:4      | Learned a level 2 spell: Poisonous Vapours
  5028 | D:5      | Entered Level 5 of the Dungeon
  5139 | D:5      | Reached skill level 8 in Spellcasting
  5139 | D:5      | Reached skill level 5 in Translocations
  5437 | D:5      | Reached XP level 8. HP: 40/41 MP: 15/22
  5844 | D:5      | Reached * piety under Sif Muna
  5950 | D:5      | Reached skill level 9 in Spellcasting
  6372 | D:6      | Noticed Menkaure
  6378 | D:6      | Killed Menkaure
  6379 | D:6      | Reached skill level 1 in Air Magic
  6379 | D:6      | Reached XP level 9. HP: 45/45 MP: 21/24
  6389 | D:6      | Learned a level 5 spell: Freezing Cloud
  6627 | D:6      | Found a runed translucent door.
  6633 | D:6      | Noticed Bnni's ghost (novice DsNe)
  6675 | D:6      | Reached skill level 10 in Spellcasting
  7093 | D:6      | Found Coizem's Assorted Antiques.
  7111 | D:6      | Bought a scroll labelled EVVOLOIDEA for 34 gold pieces
  7661 | D:7      | Found Kyzaca's Armour Emporium.
  7897 | D:7      | Reached ** piety under Sif Muna
  8161 | D:7      | Reached skill level 10 in Conjurations
  8391 | D:8      | Found a transporter.
  8396 | D:8      | Reached skill level 11 in Spellcasting
  8552 | D:8      | Noticed Pixllover's ghost (novice GrEE)
  8610 | D:8      | Noticed a two-headed ogre
  8637 | D:8      | Noticed a cyclops
  8678 | D:8      | Noticed an oklob plant
  8786 | D:8      | Found a snail-covered altar of Cheibriados.
  8998 | D:8      | Found a transporter.
  9004 | D:8      | Noticed an entropy weaver
  9004 | D:8      | an entropy weaver changed into a black bear
  9177 | D:9      | Noticed Joseph
  9190 | D:9      | Killed Joseph
  9191 | D:9      | Reached skill level 12 in Spellcasting
  9191 | D:9      | Reached XP level 10. HP: 40/50 MP: 18/28
  9748 | D:8      | Noticed a moth of wrath
  9812 | D:9      | Reached *** piety under Sif Muna
  9875 | D:9      | Reached skill level 1 in Ice Magic
  9905 | D:8      | Noticed a faun
  9933 | D:8      | a faun changed into a snapping turtle
 10230 | D:9      | Found a staircase to the Orcish Mines.
 10309 | D:9      | Found a burning altar of Makhleb.
 10316 | D:9      | Identified the +2 robe of Hepliaklqana's Whim {rC+ rCorr
                  | Str+5 Int-2}
 10722 | D:10     | Entered Level 10 of the Dungeon
 10734 | D:10     | Found a shadowy altar of Dithmenos.
 10964 | D:10     | Reached skill level 13 in Spellcasting
 11027 | D:10     | Found a flagged portal.
 11032 | D:10     | Reached **** piety under Sif Muna
 11038 | Bailey   | Entered a bailey
 11722 | D:10     | Noticed a boulder beetle
 11731 | D:10     | Killed a boulder beetle
 11732 | D:10     | Reached skill level 5 in Air Magic
 11953 | D:10     | Noticed a two-headed ogre
 11967 | D:10     | Killed a two-headed ogre
 11968 | D:10     | Reached XP level 11. HP: 49/54 MP: 18/30
 12446 | D:10     | Found a bloodstained altar of Trog.
 12847 | D:11     | Found a portal to a secret trove of treasure.
 12989 | D:11     | Noticed a boulder beetle
 13007 | D:11     | Reached skill level 14 in Spellcasting
 13008 | D:11     | Killed a boulder beetle
 13153 | D:11     | Reached skill level 15 in Spellcasting
 13276 | D:11     | Found a staircase to the Lair.
 13587 | Lair:1   | Entered Level 1 of the Lair of Beasts
 13693 | Lair:1   | Reached ***** piety under Sif Muna
 14524 | Lair:2   | Noticed a boulder beetle
 14530 | Lair:2   | Identified the of Vusec (Sif Muna gifted it to you on
                  | level 2 of the Lair of Beasts)
 14530 | Lair:2   | Received a gift from Sif Muna
 14535 | Lair:2   | Noticed Nergalle
 14537 | Lair:2   | Killed a boulder beetle
 14538 | Lair:2   | Reached skill level 16 in Spellcasting
 14538 | Lair:2   | Reached XP level 12. HP: 47/59 MP: 17/34
 14543 | Lair:2   | Killed Nergalle
 14947 | Lair:2   | You fall into a shaft and drop 2 floors!
 15104 | Lair:4   | Found a frozen archway.
 15114 | IceCv    | Entered an ice cave
 15252 | IceCv    | Learned a level 6 spell: Starburst
 15269 | IceCv    | Reached skill level 1 in Fire Magic
 15418 | IceCv    | Reached skill level 17 in Spellcasting
 15512 | IceCv    | Reached skill level 15 in Conjurations
 15754 | IceCv    | Reached skill level 5 in Fire Magic
 16847 | Lair:2   | Found a staircase to the Shoals.
 17481 | Lair:3   | Found a burning altar of Makhleb.
 17515 | Lair:3   | Reached XP level 13. HP: 51/63 MP: 36/36
 17810 | Lair:3   | Noticed Fannar
 17814 | Lair:3   | Killed Fannar
 18498 | Lair:3   | Found a hole to the Spider Nest.
 18945 | Lair:4   | Reached skill level 10 in Fire Magic
 18964 | Lair:4   | Noticed Nessos
 18971 | Lair:4   | Killed Nessos
 19587 | Lair:4   | Received a gift from Sif Muna
 19737 | Lair:5   | Entered Level 5 of the Lair of Beasts
 19792 | Lair:5   | Found a staircase to the Slime Pits.
 21019 | Lair:5   | Reached skill level 5 in Dodging
 21299 | Lair:5   | Found a large runed translucent door.
 21301 | Lair:5   | Found a large runed translucent door.
 21315 | Lair:5   | Noticed a fire dragon
 21472 | Lair:5   | Learned a level 6 spell: Bombard
 21478 | Lair:5   | Killed a fire dragon
 22377 | Orc:1    | Entered Level 1 of the Orcish Mines
 22391 | Orc:1    | Noticed a kraken
 22926 | Orc:2    | Entered Level 2 of the Orcish Mines
 22928 | Orc:2    | Identified the of Nagecin (Sif Muna gifted it to you on
                  | level 2 of the Orcish Mines)
 22928 | Orc:2    | Received a gift from Sif Muna
 23038 | Orc:2    | Reached XP level 14. HP: 68/68 MP: 28/37
 23164 | Orc:2    | Reached skill level 1 in Invocations
 24538 | Orc:2    | Reached skill level 5 in Invocations
 24871 | Orc:2    | Found Qoakuschy's Weapon Boutique.
 24917 | Orc:2    | Found Ziagus's Assorted Antiques.
 25437 | Orc:2    | Identified the "Siroheoc" (Sif Muna gifted it to you on
                  | level 2 of the Orcish Mines)
 25437 | Orc:2    | Received a gift from Sif Muna
 25448 | Orc:2    | Noticed an orc warlord
 25463 | Orc:2    | Killed an orc warlord
 25596 | Orc:2    | Gained mutation: You are dopey. (Int -2) [a neqoxec]
 25847 | Orc:2    | Found Nofarupp's Magic Scroll Boutique.
 25884 | Orc:2    | Found Ulailaic's Armour Shop.
 25965 | Orc:2    | Bought the +2 shield of Resistance {rF++ rC++ Will++} for
                  | 846 gold pieces
 25965 | Orc:2    | Found the +2 shield of Resistance {rF++ rC++ Will++}
 26165 | Orc:2    | Found a staircase to the Elven Halls.
 26597 | Orc:1    | Found a radiant altar of Vehumet.
 26686 | Orc:1    | Found Olyuhett's Armour Emporium.
 26999 | D:12     | Reached skill level 1 in Shields
 27947 | D:12     | Identified the "Acioc" (Sif Muna gifted it to you on level
                  | 12 of the Dungeon)
 27947 | D:12     | Received a gift from Sif Muna
 29034 | D:13     | Reached skill level 5 in Shields
 29695 | D:14     | Reached XP level 15. HP: 72/72 MP: 31/38
 30391 | D:14     | Identified a scroll of acquirement
 30542 | D:14     | Found a gate to the Vaults.
 31116 | D:15     | Entered Level 15 of the Dungeon
 31347 | D:15     | Identified the "Silakop" (Sif Muna gifted it to you on
                  | level 15 of the Dungeon)
 31347 | D:15     | Received a gift from Sif Muna
 31635 | D:15     | Found a staircase to the Depths.
 31942 | D:15     | Lost mutation: You are dopey. (Int -2) [potion of mutation]
 31942 | D:15     | Gained mutation: You are weak. (Str -2) [potion of
                  | mutation]
 31942 | D:15     | Gained mutation: You are agile. (Dex +4, Str/Int -1)
                  | [potion of mutation]
 31942 | D:15     | Gained mutation: You have sharp toenails. [potion of
                  | mutation]
 32163 | D:15     | Learned a level 5 spell: Fireball
 32265 | D:15     | Identified the +0 battleaxe of Bread {holy, rC+ Will- Str+4
                  | Dex+2}
 32691 | D:15     | Reached skill level 10 in Shields
 32732 | D:15     | Reached skill level 1 in Fighting
 33067 | Lair:2   | Lost mutation: You are agile. (Dex +4, Str/Int -1) [potion
                  | of mutation]
 33067 | Lair:2   | Lost mutation: You have sharp toenails. [potion of
                  | mutation]
 33067 | Lair:2   | Gained mutation: Your magical capacity is low. (-10% MP)
                  | [potion of mutation]
 33067 | Lair:2   | Gained mutation: You are strong-willed. (Will+) [potion of
                  | mutation]
 33067 | Lair:2   | Gained mutation: You are robust. (+10% HP) [potion of
                  | mutation]
 33068 | Lair:2   | Lost mutation: You are strong-willed. (Will+) [potion of
                  | mutation]
 33068 | Lair:2   | Lost mutation: You are weak. (Str -2) [potion of mutation]
 33068 | Lair:2   | Lost mutation: You are robust. (+10% HP) [potion of
                  | mutation]
 33068 | Lair:2   | Gained mutation: You are frail. (-10% HP) [potion of
                  | mutation]
 33068 | Lair:2   | Gained mutation: You expend magic power (3 MP) to
                  | strengthen your wands. [potion of mutation]
 33068 | Lair:2   | Gained mutation: Your flesh is cold resistant. (rC+)
                  | [potion of mutation]
 33069 | Lair:2   | Lost mutation: You are frail. (-10% HP) [potion of
                  | mutation]
 33069 | Lair:2   | Lost mutation: Your flesh is cold resistant. (rC+) [potion
                  | of mutation]
 33069 | Lair:2   | Gained mutation: You are resistant to electric shocks.
                  | (rElec) [potion of mutation]
 33303 | Lair:2   | Learned a level 7 spell: Orb of Destruction
 33968 | Shoals:1 | Entered Level 1 of the Shoals
 34552 | Shoals:1 | Reached skill level 5 in Fighting
 34938 | Shoals:1 | Reached XP level 16. HP: 61/88 MP: 21/35
 35019 | Shoals:1 | Found a hide-covered altar of Uskayaw.
 35811 | Shoals:2 | Found Ownog's Book Boutique.
 36242 | Shoals:2 | Identified the of Naudghou (Sif Muna gifted it to you on
                  | level 2 of the Shoals)
 36242 | Shoals:2 | Received a gift from Sif Muna
 37736 | D:11     | You paid a toll of 14 scrolls of teleportation to enter a
                  | treasure trove
 37737 | Trove    | Identified the "Vuurrivo"
 37737 | Trove    | Entered a treasure trove
 37913 | Lair:2   | Acquired a book of the Moon
 38263 | Shoals:3 | Noticed a kraken
 38284 | Shoals:3 | Killed a kraken
 38477 | Shoals:3 | Found a runed translucent gate.
 38477 | Shoals:3 | Found a runed translucent gate.
 38631 | Shoals:3 | Found a runed translucent gate.
 38666 | Shoals:3 | Identified the serpent talisman of Cynicism {rElec rF+
                  | Dex+5}
 38867 | Shoals:3 | Found Huicinoe's Armour Emporium.
 39023 | Shoals:3 | Bought a +0 cloak of willpower for 172 gold pieces
 39719 | Shoals:3 | Identified the "Fapras" (Sif Muna gifted it to you on
                  | level 3 of the Shoals)
 39719 | Shoals:3 | Received a gift from Sif Muna
 39720 | Shoals:3 | Reached skill level 15 in Fire Magic
 39725 | Shoals:3 | Slain by a snapping turtle simulacrum

Illustrated notes

Levels and vault maps discovered:
D:1:      kennysheep_arrival_seaside, layout_loops_corners, serial_shops,
          nicolae_shop_hallway_plus, nicolae_titane
D:2:      minmay_wonky_spiral, layout_basic, basic_altar,
          basic_ecumenical_altar, st_stairs_1
D:3:      layout_basic, kennysheep_vampire_church, minmay_ruptured
D:4:      layout_gridville, minmay_temple_entry_butterflies, serial_forest,
          infiniplex_forest_lined_3, infiniplex_forest_lined_corner,
          infiniplex_forest_clump_double, infiniplex_forest_lined_3,
          infiniplex_forest_lined_corner, infiniplex_forest_clump_large,
          infiniplex_forest_clump_double, uniq_robin
D:5:      cheibrodos_barr_body, layout_rooms, hangedman_decor_opposing,
          eino_tiny_chamber
D:6:      minmay_flawed_box, layout_basic, ebering_ghost_sewer_d, serial_shops,
          nicolae_shop_tiny_real_fake_doors, chequers_jeans, uniq_menkaure
D:7:      nicolae_cairo_tiling_large, layout_loops_cross, nicolae_sextant,
          minmay_shop_grid_forest, hex_medium
D:8:      layout_cave_pools, kennysheep_mini, nzn_ghost_randoct,
          minmay_microvault
D:9:      layout_basic, bloody_makhleb, erik_orc_2, hangedman_glass_teeth,
          uniq_joseph
D:10:     layout_basic, mainiacjoe_overflow_small_starburst,
          general_overflow_altar, enter_bailey_3, nzn_sisyphean_effort
D:11:     layout_basic, minmay_lair_entry_grove, nicolae_trove_entry_columns
D:12:     layout_rooms
D:13:     layout_irregular_city
D:14:     layout_irregular_city, david_vaults_2, palyth_stone_intersect,
          nrook_loot_triangle
D:15:     hellmonk_depths_entry_around_the_bend, layout_gridville,
          minmay_hollow_rounded_squares
Temple:   minmay_crystal_spiral_temple
Lair:1:   layout_gridlike
Lair:2:   layout_hall_layers, minmay_shoals_entry_centaurs,
          grunt_forest_large_clearing_hut, grunt_megastairs_5, uniq_nergalle
Lair:3:   layout_regular_city, nicolae_spider_entry_tight_spaces, basic_altar,
          uniq_fannar
Lair:4:   layout_regular_city, portal_ice_cave_entry_pillars_1, uniq_nessos
Lair:5:   cheibrodos_lair_end_hotspot, layout_gridlike, slime_entry_1,
          serial_bayou_shore_b
Shoals:1: layout_shoals, regret_index_shoals_crete
Shoals:2: layout_shoals, serial_shops, nicolae_stop_n_shop_1
Shoals:3: layout_shoals, serial_shops, shop, nicolae_shoals_beach_cooler
Orc:1:    layout_caves, basic_altar, serial_shops, nicolae_shop_behind_doors,
          mainiacjoe_minedec_watcher_in_the_water
Orc:2:    pubby_orc_utopia, serial_shops

Skill      XL: |  1  2  3  4  5  6  7  8  9 10 11 12 13 14 15 16 |
---------------+-------------------------------------------------+-----
Spellcasting   | 4 5 6 7 8 9 12 13 16 17 | 17.0
Translocations | 1 3 4 6 |  6.0
Conjurations   | 5 7 9 10 12 14 15 16 | 16.7
Air Magic      | 1 4 5 6 |  6.0
Ice Magic      | 4 |  4.0
Fire Magic     | 8 12 15 | 15.2
Dodging        | 7 8 |  8.0
Invocations    | 8 |  8.0
Shields        | 6 10 | 10.0
Fighting       | 6 8 |  8.0
Stealth        | |  2.4

Action                     |  1- 3 |  4- 6 |  7- 9 | 10-12 | 13-15 | 16-18 || total
---------------------------+-------+-------+-------+-------+-------+-------++-------
  Melee: Spear             |       |       |     2 |    19 |     7 |       ||    28
         Staff             |       |       |       |       |    12 |       ||    12
   Cast: Magic Dart        |    83 |    72 |   102 |    41 |    14 |       ||   312
         Searing Ray       |       |     9 |    50 |    23 |     5 |       ||    87
         Fulminant Prism   |       |     2 |    14 |    58 |     3 |       ||    77
         Mephitic Cloud    |       |     2 |     9 |    14 |     3 |       ||    28
         Iskenderun's Myst |       |     1 |    13 |    98 |   212 |    22 ||   346
         Poisonous Vapours |       |       |    10 |    63 |    49 |     2 ||   124
         Volatile Blastmot |       |       |       |     1 |       |       ||     1
         Freezing Cloud    |       |       |       |    28 |   203 |     9 ||   240
         Starburst         |       |       |       |    14 |    36 |    28 ||    78
         Bombard           |       |       |       |       |     1 |       ||     1
         Blink             |       |       |       |       |     1 |       ||     1
         Fireball          |       |       |       |       |    57 |    93 ||   150
         Orb of Destructio |       |       |       |       |     5 |       ||     5
 Invoke: Channel Magic     |       |       |       |     1 |     8 |     6 ||    15
    Use: Potion            |       |       |     1 |     1 |     9 |     1 ||    12
         Scroll            |       |       |       |    24 |     5 |     4 ||    33
   Stab: Distracted        |       |       |       |     1 |       |       ||     1
 Armour: Robe              |     3 |    12 |    47 |    59 |    69 |    19 ||   209
         Steam dragon scal |       |       |       |       |       |    12 ||    12
  Dodge: Dodged            |       |     7 |    42 |    30 |    52 |    10 ||   141
  Block: Orb               |       |       |    11 |    14 |    14 |       ||    39
         Reflection        |       |       |     3 |     4 |    35 |    15 ||    57
         Other             |       |       |       |     1 |       |       ||     1
         Kite shield       |       |       |       |       |    51 |    41 ||    92

Table legend: (Time is in decaauts)
 A = Elapsed time spent in this place.
 B = Non-inter-level travel time spent in this place.
 C = Inter-level travel time spent in this place.
 D = Time resting spent in this place.
 E = Time spent auto-exploring this place.
 F = Levels seen in this place.
 G = Mean time per level.
                   A        B        C        D        E       F      G
               +--------+--------+--------+--------+--------+-----+--------+
         Total |  39779 |  36500 |   3279 |   5426 |  26263 |  29 | 1371.7 |
       Dungeon |  19994 |  18198 |   1796 |   2017 |  13994 |  15 | 1332.9 |
        Temple |    162 |      1 |    161 |      0 |      0 |   1 |  162.0 |
          Lair |   8323 |   7214 |   1109 |    972 |   5296 |   5 | 1664.6 |
        Shoals |   5213 |   5133 |     80 |    642 |   3975 |   3 | 1737.7 |
  Orcish Mines |   4469 |   4338 |    131 |   1336 |   2411 |   2 | 2234.5 |
         Trove |     64 |     64 |      0 |      0 |      8 |   1 |   64.0 |
        Bailey |    597 |    597 |      0 |    106 |    280 |   1 |  597.0 |
      Ice Cave |    953 |    953 |      0 |    353 |    298 |   1 |  953.0 |
               +--------+--------+--------+--------+--------+-----+--------+

Top non-repeatable levels by time:
   Orc:2: 3684 daAuts
  Lair:5: 2464 daAuts
    D:11: 2294 daAuts
    D:15: 2016 daAuts
Shoals:1: 1977 daAuts
Shoals:3: 1743 daAuts
    D:14: 1672 daAuts
  Lair:3: 1552 daAuts
  Lair:1: 1512 daAuts
Shoals:2: 1493 daAuts
     D:9: 1491 daAuts
  Lair:2: 1479 daAuts
     D:1: 1407 daAuts
    D:13: 1390 daAuts
     D:4: 1324 daAuts
